[Event "3rd VIZAG GM-Open 2022"]
[Site "Visakapatnam"]
[Date "2022.06.15"]
[Round "8.7"]
[White "Konguvel, Ponnuswamy"]
[Black "Mitrabha, Guha"]
[Result "0-1"]
[ECO "C63"]
[WhiteElo "2331"]
[BlackElo "2500"]
[Annotator "TA"]
[PlyCount "113"]
[EventDate "2022.06.13"]
[EventType "swiss"]
[EventCountry "IND"]
[SourceTitle "playchess.com"]
[Source "ChessBase"]
[SourceQuality "1"]
[TimeControl "5400+30"]

1. e4 e5 2. Nf3 Nc6 3. Bb5 f5 4. d3 fxe4 5. dxe4 Nf6 6. O-O Bc5 7. Bxc6 bxc6 8. Nxe5 O-O 9. Nc3 d6 {[%emt 0:00:17] C63: Ruy Lopez: Schliemann/Jaenisch Defence.} 10. Na4 Qe8 11. Nd3 {[%emt 0:00:00] Pair of Knights!} Bg4 {[%emt 0:00:02] White has an edge.} 12. Qe1 Bd4 ({Less strong is} 12... Qxe4 13. Naxc5 Qxe1 14. Rxe1 $16) 13. c3 $1 Bb6 14. Nxb6 axb6 {[%emt 0:00:02] [#]} 15. Bf4 $146 ({Predecessor:} 15. c4 Be6 16. b3 b5 17. cxb5 Bxb3 18. Qc3 Ba4 19. bxc6 Qxe4 20. Nb4 Rab8 21. Bd2 {½-½ (51) Harikrishna,P (2729)-Nihal,S (2576) Kolkata 2018}) 15... Bc8 $36 {[%emt 0:19:14][%cal Bg4c8,Bc8a6,Ba6c4][%mdl 2080] Black has good play.} ({But not} 15... Qxe4 16. Qxe4 Nxe4 17. f3 $16) ({Resist} 15... Nxe4 16. f3 Nc5 17. Qxe8 Raxe8 18. Nxc5 $16) 16. f3 Ba6 17. Qd2 Nd7 18. Bg3 Nc5 19. c4 (19. Nb4 $15) 19... Bxc4 $17 {[%emt 0:00:31][%mdl 64] Discovered Attack, Double Attack} 20. Rfc1 Bxd3 21. b4 {[%emt 0:00:00] [#]} Nxe4 22. Qxd3 {[%emt 0:00:00] Re1 is the strong threat.} Nxg3 23. hxg3 c5 24. a4 Qe5 25. f4 Qf5 26. Qf3 Ra7 27. a5 (27. bxc5 $15 {should be considered.} dxc5 28. a5) 27... cxb4 28. axb6 Rxa1 29. Rxa1 {[%emt 0:00:00][%mdl 4096] Endgame KQR-KQR} Qc5+ 30. Kh2 cxb6 (30... Qxb6 $2 31. Qd5+ Kh8 32. Ra8 $18) 31. Ra7 Qd4 (31... h6 $1 $17) 32. Rd7 $11 h6 33. Qb3+ Kh8 34. Qe6 Qf6 35. Rxd6 Qxe6 36. Rxe6 {[%emt 0:10:23] KR-KR} Rb8 37. Re4 b3 38. Rb4 b5 39. g4 Kg8 40. Kg3 Kf7 {[%emt 0:00:44] Strongly threatening ...Ke6.} 41. Kf3 Ke6 {[%emt 0:35:46] Hoping for ...Kd5.} 42. Ke4 Kd6 {[%emt 0:00:00] aiming for ...Kc5.} 43. Kd4 Kc6 {[%emt 0:00:00] White should prevent ...Ra8.} 44. Rxb3 Re8 45. f5 Re2 46. g3 Rc2 (46... Ra2 $5 ) 47. Rf3 Kb6 48. f6 gxf6 49. Rxf6+ Rc6 50. Rf8 Ka5 {[%emt 0:00:00] And now ...b4 would win.} 51. Kd5 $2 {[%emt 0:00:42][%mdl 8192] [#]} (51. Rg8 $11) 51... Rc3 $2 (51... Rg6 $1 $19 {[%cal Rg6g4] is more deadly.} 52. Rf4 b4) 52. Rh8 $2 {[%emt 0:00:26][%mdl 8192] Loses the game.} (52. Kd4 $17 Rc4+ 53. Kd3) 52... Rxg3 $19 53. Kc5 Rc3+ 54. Kd5 {[%emt 0:00:03] [#]} Rc4 $1 55. Rxh6 Rxg4 {[%emt 0:00:00] ( -> ...b4)} 56. Rh8 b4 {[%emt 0:00:00] White must now prevent ...Kb5.} 57. Rb8 {[%emt 0:01:15] Weighted Error Value: White=0.56/Black=0.20 (precise)} 0-1

[Event "3rd VIZAG GM-Open 2022"]
[Site "Visakapatnam"]
[Date "2022.06.15"]
[Round "8.8"]
[White "Velpula Sarayu"]
[Black "Nigmatov, Ortik"]
[Result "1/2-1/2"]
[ECO "B23"]
[WhiteElo "1845"]
[BlackElo "2463"]
[Annotator "TA"]
[PlyCount "96"]
[EventDate "2022.06.13"]
[EventType "swiss"]
[EventCountry "IND"]
[SourceTitle "playchess.com"]
[Source "ChessBase"]
[SourceQuality "1"]
[TimeControl "5400+30"]

1. e4 c5 2. Nc3 d6 3. d4 cxd4 4. Qxd4 Nc6 5. Qd2 g6 6. b3 {[%emt 0:00:29] B23: Closed Sicilian: Lines without g3.} Bh6 7. f4 Nf6 8. Bb2 {[%emt 0:00:38] The position is equal.} e5 9. g3 O-O 10. O-O-O a5 11. a4 exf4 12. gxf4 Nh5 {[%emt 0:00:06] [#]} 13. Nd5 $146 (13. Nge2 $5 ) ({Predecessor:} 13. Nge2 Qh4 14. Nd5 Be6 15. Kb1 Bxd5 16. exd5 Ne5 17. Qd4 Nxf4 18. Qb6 Qe7 19. Ng3 {1-0 (54) Deepan Chakkravarthy,J (2534)-Yilmaz,M (2636) Dubai 2019}) 13... Be6 {[%emt 0:03:32] And now ...Bxd5 would win.} 14. Kb1 (14. Qc3 Ne5 15. Nh3 Rc8 $11) 14... Bxd5 15. exd5 Ne5 16. Be2 $11 {[%emt 0:04:12] Threatens to win with Bxh5. A strong pair of Bishops.} Nxf4 17. h4 Qf6 18. Rf1 Nxe2 19. Qxe2 Qe7 20. Nf3 {[%emt 0:14:04][%cal Bg1f3,Bf3d4,Bd4f5][%mdl 1056] White has compensation.} (20. h5 $5 Bg7 21. Nh3 $11) 20... Bg7 21. h5 Rae8 (21... b5 $1 $14) 22. Nd4 Nd7 23. Qh2 (23. Qg2 $16) 23... Be5 24. Qg2 {[%emt 0:02:29] Black must now prevent Nf5.} Kh8 25. Rf3 {[%emt 0:10:05] hxg6 is the strong threat.} g5 26. Nf5 $36 {[%emt 0:03:18][%mdl 2048] Keeping Black busy.} Qf6 27. Bc1 {[%emt 0:00:33] White is much more active.} h6 28. Rhf1 Nc5 29. Qg4 b6 30. Qc4 Bf4 $2 {[%emt 0:02:03][%mdl 8192] White stays focused until the end.} (30... Kh7 $11 {and Black has nothing to worry.}) 31. Rxf4 gxf4 32. Bb2 (32. Qxf4 Re2 $14) 32... Re5 33. Qxf4 {[%emt 0:00:13][%cal Of5d6][%mdl 64] Hoping for Nxd6! Pin} Kh7 34. Bxe5 dxe5 35. Qf3 Rg8 36. Ne3 Qxf3 37. Rxf3 $18 {[%emt 0:00:04][%mdl 4096] Endgame KRN-KRN} Rg7 38. Rf6 Ne4 (38... Rg5 {was worth a try.} 39. Rxf7+ Kg8) 39. Rxb6 Rg3 40. Nf5 Rf3 41. Rxh6+ Kg8 42. Ne7+ Kf8 {[%emt 0:00:01] [#]} 43. Nc8 ({Worse is} 43. Nc6 Kg7 44. d6 Rf1+ 45. Kb2 Rd1 $14) (43. d6 $1 $18 {is the precise move to win. Strongly threatening Rh8+.} Nxd6 44. Nd5 (44. Rxd6 Kxe7 45. Rd5 Ke6 $16)) 43... Nc3+ $2 (43... Rf1+ $16 {might work better.} 44. Kb2 Nf6) 44. Kb2 Nxd5 45. Rd6 Nf4 (45... Ne3 46. h6 Kg8) 46. h6 Kg8 47. Rd8+ ({Don't do} 47. Ra6 e4 $18) 47... Kh7 {[%emt 0:00:01] [#]} 48. Nd6 $1 f6 {[%emt 0:01:10][%mdl 32768] Weighted Error Value: White=0.17 (very precise) /Black=0.34. An unexpected result.} 1/2-1/2

[Event "3rd VIZAG GM-Open 2022"]
[Site "Visakapatnam"]
[Date "2022.06.15"]
[Round "8.9"]
[White "Hossain, Enamul"]
[Black "Kaustuv, Kundu"]
[Result "0-1"]
[ECO "B38"]
[WhiteElo "2413"]
[BlackElo "2327"]
[Annotator "TA"]
[PlyCount "56"]
[EventDate "2022.06.13"]
[EventType "swiss"]
[EventCountry "IND"]
[SourceTitle "playchess.com"]
[Source "ChessBase"]
[SourceQuality "1"]
[TimeControl "5400+30"]

1. e4 c5 2. Nf3 Nc6 3. d4 cxd4 4. Nxd4 g6 5. c4 Bg7 6. Be3 Qb6 $1 {[%emt 0:00:07][%cal Rc6d4][%mdl 4] is more profitable than 6...Nf6 at the moment.} 7. Nb5 {[%emt 0:02:31] B38: Sicilian: Maroczy Bind with 5...Bg7 and 7...0-0.} (7. Nb3 $5 Qc7 8. Qd2 $14 (8. Nc3 Bxc3+ 9. bxc3 Nf6 $11)) 7... Qa5+ 8. N5c3 d6 9. Be2 {[%emt 0:00:08] The position is equal.} Qb4 10. Qd2 Nf6 {[%emt 0:00:11][%cal Of6e4] Threatens to win with ...Nxe4!} 11. f3 Be6 {[%emt 0:02:19] [#]} 12. O-O $146 ({Predecessor:} 12. Na3 Nd7 13. Nab5 O-O 14. Nc7 Rac8 15. Nxe6 fxe6 16. Rc1 Nce5 17. b3 Nc5 18. O-O {0-1 (52) Haba,P (2380)-Alansacount (2513) Playchess.com INT 2006}) 12... Nd7 $1 (12... Bxc4 $2 13. a3 Qa5 14. Bxc4 $18) 13. Rc1 O-O (13... Bxc4 $2 14. a3 Qa5 15. Bxc4 $18) 14. Na3 Nb6 15. Nd1 ({Better is} 15. Rc2 $11) 15... Qxd2 $15 16. Bxd2 Rac8 17. Rab1 f5 18. Nc3 Nd4 19. b3 fxe4 20. fxe4 Nd7 21. Bf1 Ne5 {[%emt 0:02:42] 0x0.001762f8464cdp-1022s more active pieces.} 22. Kh1 {[%emt 0:01:52] [#]} (22. Be2 $17) 22... Ng4 $1 $19 23. Nd5 (23. Re1 $142) 23... Rf7 24. Re1 Be5 {[%emt 0:10:20] Against Nf4} 25. Bc3 Rcf8 $40 {[%emt 0:03:21][%mdl 128] Black is out for blood.} 26. Nb5 $2 (26. Bxd4 Bxd4 27. h3 Nf2+ 28. Kh2) 26... Nxb5 {[%emt 0:01:04] Black is clearly winning.} (26... Nf2+ 27. Kg1 Nxb5 28. Bxe5 Bxd5 29. exd5 $17) 27. Bxe5 Bxd5 ({Inferior is} 27... Nxe5 28. cxb5 Bxd5 29. exd5 $15) 28. exd5 {[%emt 0:02:04] [#]} (28. cxb5 $142 Bxe4 29. Bc4 Bxb1 30. Bd4) 28... Na3 $1 {[%emt 0:00:23] Weighted Error Value: White=0.38/Black=0.04 (flawless)} ({And not} 28... dxe5 29. cxb5 e4 30. Kg1 $11) 0-1

[Event "3rd VIZAG GM-Open 2022"]
[Site "Visakapatnam"]
[Date "2022.06.15"]
[Round "8.10"]
[White "Jubin Jimmy"]
[Black "Nitin, S.."]
[Result "1/2-1/2"]
[ECO "A64"]
[WhiteElo "2259"]
[BlackElo "2399"]
[Annotator "TA"]
[PlyCount "86"]
[EventDate "2022.06.13"]
[EventType "swiss"]
[EventCountry "IND"]
[SourceTitle "playchess.com"]
[Source "ChessBase"]
[SourceQuality "1"]
[TimeControl "5400+30"]

1. d4 g6 2. c4 Bg7 3. Nf3 c5 4. d5 d6 5. g3 e6 6. Nc3 Nf6 7. Bg2 exd5 8. cxd5 O-O 9. O-O Re8 10. Nd2 a6 11. a4 Nbd7 12. h3 Rb8 13. Nc4 Ne5 14. Na3 Nh5 15. e4 Bd7 16. a5 {[%emt 0:16:03] A64: Modern Benoni: Fianchetto Variation: 9...Nbd7 10 Nd2 a6 11 a4 Re8.} Qxa5 {[%emt 0:15:53] White must now prevent ...c4.} 17. g4 $1 Nf6 {[%emt 0:03:58] next ...c4 is good for Black.} 18. f4 {[%emt 0:00:57] [#]} Nexg4 19. hxg4 Nxg4 20. Bf3 {[%emt 0:03:27] Strongly threatening Nc2.} ({Much weaker is} 20. Nc2 Qd8 21. Qe1 f5 $17) 20... h5 {[%emt 0:02:47] ...b5 is the strong threat.} 21. Nc2 (21. f5 $1 $11) 21... Qd8 $15 {[%emt 0:00:42] Threatens to win with ...Qh4.} 22. Bxg4 ({Better is} 22. Qe1 $15) 22... Bxg4 {[%emt 0:00:52][%cal Bd7g4,Bg4f3,Bf3e4][%mdl 32] [#]} 23. Qd2 $146 (23. Qd3 $142) ({Predecessor:} 23. Qd3 f5 24. Re1 Qh4 25. Kg2 fxe4 26. Nxe4 Bf5 27. Qf3 Qxe1 {0-1 (27) Dogan,A (2130)-Kanmazalp,O (2404) Konya 2011}) 23... b5 $1 $17 {[%emt 0:03:20][%cal Bb7b5,Bb5b4,Bb4b3][%mdl 1056] And now ...b4 would win. Black has strong compensation.} 24. Re1 (24. Qg2 $17) 24... b4 $19 25. Nd1 b3 26. Nce3 Bf3 {[%emt 0:00:22] Against Qg2} ({Worse is} 26... Rxe4 27. Nxg4 Rxe1+ 28. Qxe1) 27. Qf2 {[%emt 0:03:29] Prevents Qh4.} Bxe4 28. Bd2 Bd4 29. Bc3 (29. Nc3 $17) 29... Qd7 30. Kh2 Bc2 {[%emt 0:03:06] Prevents f5. Hoping for ...Bxd1. A strong pair of Bishops.} 31. Qd2 Qd8 $1 32. Ng2 {[%emt 0:00:06] Against Qh4+} Qf6 (32... Rxe1 $17 33. Qxe1 Rc8) 33. Rxe8+ (33. Bxd4 $1 $15 cxd4 34. Rxe8+ Rxe8 35. Rxa6) 33... Rxe8 $17 34. Ra4 Bxd1 35. Bxd4 cxd4 36. Qxd1 d3 $1 37. Qxd3 Qxb2 38. Rb4 $2 (38. Rxa6 $17 Re2 39. Qf3) 38... Re2 $1 $19 39. Qg3 Kg7 (39... a5 $142 {( -> ...Rxg2+)} 40. Rb8+ Kg7) 40. f5 $2 {[%emt 0:01:04] [#]} (40. Rb7 Qc2 41. f5 Qxf5 42. Qc3+ Kh7 43. Rxb3) 40... a5 $2 (40... h4 $1 $19 41. Rxh4 a5 42. fxg6 {[#]} Rxg2+ $1 43. Qxg2 Qxg2+ 44. Kxg2 b2) 41. Rb7 $11 {[%emt 0:00:20] White threatens Qxg6+ and mate. The position is equal.} Qf6 {[%emt 0:02:54] aiming for ...a4.} 42. fxg6 {[%emt 0:00:50] Dancing on a razor blade.} Qxg6 43. Rxb3 h4 {[%emt 0:02:32] Weighted Error Value: White=0.52/Black=0.39} 1/2-1/2

[Event "3rd VIZAG GM-Open 2022"]
[Site "Visakapatnam"]
[Date "2022.06.15"]
[Round "8.11"]
[White "Abdurakhmonov, Mukhammadali"]
[Black "Baghdasaryan, Vahe"]
[Result "1/2-1/2"]
[ECO "D16"]
[WhiteElo "2308"]
[BlackElo "2267"]
[Annotator "TA"]
[PlyCount "155"]
[EventDate "2022.06.13"]
[EventType "swiss"]
[EventCountry "IND"]
[SourceTitle "playchess.com"]
[Source "ChessBase"]
[SourceQuality "1"]
[TimeControl "5400+30"]

1. d4 d5 2. c4 c6 3. Nc3 Nf6 4. Nf3 dxc4 5. a4 e6 6. e3 c5 7. Bxc4 cxd4 {[%emt 0:00:09] Nowadays more popular than 7...Nc6. D16: Slav Defence: 5 a4: Lines with 5...Bg4 and 5...Na6.} 8. exd4 Be7 9. O-O O-O 10. Ne5 Nc6 11. Nxc6 bxc6 12. a5 {[%emt 0:00:06] [#]} a6 $146 ({Predecessor:} 12... Rb8 13. a6 Qc7 14. Qe2 Rd8 15. Rd1 h6 16. h3 Nd5 17. Ne4 Rb4 18. b3 f5 {½-½ (56) Najer,E (2669)-Braun,A (2558) Austria 2009}) 13. Be3 Rb8 14. Qe2 Bb4 15. Bf4 Ra8 16. Ra4 Bxa5 (16... Qxd4 $2 17. Be5 Bxc3 18. Bxd4 Bxd4 19. Bxe6 $1 $18 ) 17. Bg5 Bxc3 18. bxc3 h6 19. Bh4 {[%emt 0:04:20][%mdl 1024] White has compensation.} a5 20. Bd3 Bd7 21. Rc4 a4 22. Ra1 a3 23. Rc5 Qe7 (23... Re8 $11) 24. Qe5 {[%emt 0:03:36] White is more active.} (24. Rh5 $16 {aiming for Qf3.} Rfb8 25. Rxh6 gxh6 26. Qe5) 24... Ra7 $11 25. g4 (25. Ra5 $11 {keeps the balance.} Rfa8 26. Rxa7 Rxa7 27. h3) 25... Rfa8 $17 26. g5 Ne8 (26... hxg5 27. Bxg5 Be8 28. h4 $11) (26... Nd5 $5 27. gxh6 Qf8 $15) 27. Qg3 {[%emt 0:03:52] Hoping for gxh6.} Qd6 {[%emt 0:00:00] And now ...Qxg3+ would win.} 28. Qf3 hxg5 29. Rxg5 Ra5 30. Bh7+ {[%emt 0:05:28] [#]} Kf8 $1 31. Bg6 f6 32. Rh5 (32. Rxa5 $15 Rxa5 33. Bg3) 32... Rxh5 33. Qxh5 {[%emt 0:00:05] [#]} Ke7 $1 34. Bg3 (34. Qg4 $17 {was necessary.}) 34... Qd5 $19 35. Qh7 Qg5 (35... Qc4 $19 {is more deadly.} 36. Bxe8 Bxe8 37. Qxg7+ Bf7) 36. f4 $2 (36. h4 $17 Qh6 37. Qxh6 gxh6 38. Bf4) 36... Qa5 37. Be1 a2 38. Qh4 Qd5 39. Qh5 f5 ({But not} 39... Qxh5 $2 40. Bxh5 Nd6 41. Kf2 $19) 40. Qe2 c5 41. Bh4+ $2 (41. Bxe8 Kxe8 42. Qg2) 41... Nf6 {[%emt 0:00:25] Threatens to win with ...Bc6.} 42. Qe5 cxd4 43. cxd4 (43. Bxf6+ $142 gxf6 44. Qxd5 exd5 45. cxd4) 43... Ra4 $2 (43... Bc6 44. Qc7+ Qd7) 44. Bxf5 $2 (44. Bxf6+ gxf6 45. Qxd5 exd5 46. h4) 44... Qxd4+ $2 ({Not} 44... Qxe5 $2 45. dxe5 exf5 46. exf6+ gxf6 47. Be1 $19) ({Better is} 44... Bc6 $19 45. Qxd5 Bxd5) 45. Qxd4 $15 Rxd4 46. Bc2 Rxf4 47. Bg3 Rg4 48. Rxa2 Ne4 49. Bxe4 Rxe4 $11 {[%emt 0:00:05][%mdl 4096] Endgame KRB-KRB} 50. Kf2 Bc6 51. Re2 Rc4 52. Be5 g5 53. Ra2 Kf7 54. Re2 Kg6 55. Bg3 Be4 56. Ke3 Bd5 57. Kf2 Kf5 58. Re5+ Kf6 59. Re2 Be4 60. Ra2 Kf5 61. Ra5+ Bd5 62. Rb5 Ra4 63. Ke3 Ra3+ 64. Kf2 Rd3 65. Ke2 Ra3 66. Kf2 Kg4 67. Rb4+ Kh3 68. Be5 Rf3+ 69. Ke2 Rf5 70. Bg3 e5 71. Rb2 (71. Kd2 $11) 71... e4 72. Rd2 Bc6 73. Rd6 Bb5+ 74. Ke3 Bd3 75. Rh6+ Kg2 76. Rg6 {[%emt 0:00:12] The position is equal.} Rf3+ 77. Kd4 Rf5 78. Bh4 {[%emt 0:01:06] Black had all chances to win.  Weighted Error Value: White=0.34/Black=0.29 (precise)} 1/2-1/2

[Event "3rd VIZAG GM-Open 2022"]
[Site "Visakapatnam"]
[Date "2022.06.15"]
[Round "8.12"]
[White "Nikitenko, Mihail"]
[Black "Ziatdinov, Raset"]
[Result "1-0"]
[ECO "C27"]
[WhiteElo "2479"]
[BlackElo "2224"]
[Annotator "TA"]
[PlyCount "65"]
[EventDate "2022.06.13"]
[EventType "swiss"]
[EventCountry "IND"]
[SourceTitle "playchess.com"]
[Source "ChessBase"]
[SourceQuality "1"]
[TimeControl "5400+30"]

1. e4 e5 2. Bc4 Nf6 3. d3 Bc5 4. Nc3 d6 5. a3 Be6 6. h3 {[%emt 0:02:26] C27: Vienna Game: 2...Nf6 3 Bc4 Nxe4.} O-O {[%emt 0:04:50] [#]} 7. Nge2 $146 ({Predecessor:} 7. Bb3 Nc6 8. Bg5 h6 9. Bh4 g5 10. Bg3 Ne7 11. Qf3 Nc6 12. Qd1 Nd4 13. Nge2 Nxb3 14. cxb3 {0-1 (38) Aman,R (1434)-Humbek,O (1648) Lohmar 2000}) 7... c6 8. Bg5 {[%emt 0:05:35][%cal Bc1g5,Bg5h4,Bh4g3,Bg3h2][%mdl 32] The position is equal.} Nbd7 9. O-O h6 10. Bh4 b5 11. Ba2 Bxa2 12. Rxa2 a5 {[%emt 0:06:54] Inhibits b4.} 13. Kh1 b4 14. Nb1 g5 15. Bg3 Qe7 16. Bh2 Qe6 17. Ra1 d5 18. Ng3 dxe4 19. dxe4 Nb6 20. Nd2 bxa3 21. bxa3 Rfd8 22. Qe2 {[%emt 0:00:21] Inhibits Nc4.} Na4 23. Nf3 (23. Nb3 $5 ) 23... Kh7 (23... Nc3 $5 24. Qe1 Nb5 $11) 24. c4 Rab8 {[%emt 0:03:10] Threatens to win with ...g4.} 25. Qc2 $1 Nb2 26. Nxe5 Qxe5 27. Nh5 $1 Qxh2+ {[%emt 0:00:14] [#]} (27... Qd4 $11 28. e5+ Qd3 29. Qxd3+ Nxd3 30. Nxf6+ Kg6) 28. Kxh2 $18 Nxh5 29. Rfb1 $36 {[%emt 0:00:03][%mdl 2048] White is on the roll.} Nd3 (29... Bd4) 30. Rxb8 {[%emt 0:00:12] White is clearly winning.} Bd6+ 31. g3 Bxb8 32. Rd1 Nxf2 33. e5+ {[%emt 0:00:34] Weighted Error Value: White=0.07 (flawless) /Black=0.36} 1-0

[Event "3rd VIZAG GM-Open 2022"]
[Site "Visakapatnam"]
[Date "2022.06.15"]
[Round "8.13"]
[White "Saravana, Krishnan P."]
[Black "Azaladze, Shota"]
[Result "1/2-1/2"]
[ECO "B72"]
[WhiteElo "2269"]
[BlackElo "2420"]
[Annotator "TA"]
[PlyCount "104"]
[EventDate "2022.06.13"]
[EventType "swiss"]
[EventCountry "IND"]
[SourceTitle "playchess.com"]
[Source "ChessBase"]
[SourceQuality "1"]
[TimeControl "5400+30"]

1. e4 c5 2. Nc3 Nc6 3. Nf3 g6 4. d4 cxd4 5. Nxd4 Bg7 6. Be3 Nf6 7. Bc4 O-O 8. Bb3 d6 9. h3 Bd7 10. O-O Na5 11. Qd3 {[%emt 0:00:30] B72: Sicilian Dragon: 6 Be3, lines with h3+Bc4 and sidelines.} a6 12. f4 Qc7 13. Rae1 Nxb3 {[%emt 0:00:30] [#]} 14. cxb3 $146 ({Predecessor:} 14. Nxb3 Be6 15. Nd2 Rac8 16. Bd4 Bc4 17. Nxc4 Qxc4 18. Qd1 b5 19. Re2 Rfe8 20. b3 {0-1 (40) Fleger,H-Wahl Germany West 1985}) 14... b5 15. Rc1 Qb7 16. b4 Rac8 17. Rfe1 Rc4 18. a3 Rfc8 (18... Nh5 $11) 19. Nb3 $1 $14 Rxc3 20. Rxc3 Rxc3 21. bxc3 Qxe4 22. Qxe4 Nxe4 23. Bd4 f5 24. Bxg7 Kxg7 $16 {[%emt 0:00:30][%mdl 4096] Endgame [#] KRN-KBN} 25. Nd2 $1 Bc6 26. Nxe4 Bxe4 {[%emt 0:00:30] KR-KB} 27. g3 Kf6 28. Rd1 g5 29. Kf2 h5 (29... Bc2 $16 30. Rd2 Bb3) 30. h4 g4 31. Ke3 Bc2 32. Rd4 (32. Rc1 $1 $18 {[%cal Rc1c2] and White stays clearly on top.} Bb3 33. Rg1) 32... Bb3 33. Kd2 Ke6 34. Ke3 (34. Ke2 $16) 34... d5 $2 (34... Kf6 $1 $11) 35. Rd2 Kd6 36. Kd4 e6 37. Rb2 Ba4 38. Kd3 Kc6 39. Ke3 Kc7 40. Rb1 Kd6 41. Re1 Kd7 42. Re2 Kc6 43. Kd4 Kd6 44. Rb2 Bd1 45. a4 (45. Rb1 $142 Bc2 46. Rb2) 45... bxa4 {[%emt 0:00:30] [#]} 46. Ra2 (46. b5 $1 $16 axb5 47. Rxb5) 46... Bb3 $11 47. Ra1 Kc6 $2 (47... Bc2 $11 {and Black has nothing to worry.}) 48. Ra3 $2 (48. Ke5 $18 {And now Kf6 would win.} Kd7 49. Kf6) 48... Kb5 $2 (48... Kd6 $11) 49. Ra1 $18 Kc6 50. Ke5 Kb5 {[%emt 0:00:30] [#]} (50... Kc7 {was worth a try.} 51. Kf6 (51. Kxe6 $2 d4+ 52. Kxf5 d3 $19) 51... Kd6) 51. Kd4 $2 ({White must play} 51. Kf6 $1 $18) 51... Kc6 $11 52. Ke5 $2 (52. Kd3 $11) 52... Kb5 {[%emt 0:00:30][%mdl 32768] Weighted Error Value: White=0.32/Black=0.38. An unexpected result.} 1/2-1/2

[Event "3rd VIZAG GM-Open 2022"]
[Site "Visakapatnam"]
[Date "2022.06.15"]
[Round "8.14"]
[White "Laxman, R.R."]
[Black "Barath Kalyan M"]
[Result "1-0"]
[ECO "E11"]
[WhiteElo "2420"]
[BlackElo "2232"]
[Annotator "TA"]
[PlyCount "81"]
[EventDate "2022.06.13"]
[EventType "swiss"]
[EventCountry "IND"]
[SourceTitle "playchess.com"]
[Source "ChessBase"]
[SourceQuality "1"]
[TimeControl "5400+30"]

1. d4 Nf6 2. Nf3 e6 3. c4 Bb4+ 4. Nbd2 O-O 5. e3 d6 6. Be2 Nbd7 {[%emt 0:00:30] E11: Bogo-Indian.} 7. O-O Bxd2 8. Bxd2 {[%emt 0:00:30] [#]} a5 $146 {[%emt 0:00:30] White is slightly better.} ({Predecessor:} 8... e5 9. dxe5 dxe5 10. Bc3 Qe7 11. Qc2 b6 12. Rad1 Bb7 13. b3 a5 14. Qb2 Rfe8 {1-0 (65) Hohler,P (2183)-Weber,B (2134) Dresden 2006}) 9. Qc2 Qe7 10. Bc3 b6 11. e4 e5 12. Rfe1 Bb7 13. Nd2 Rfe8 14. d5 Nc5 15. b3 c6 16. dxc6 Bxc6 17. Bf1 Qb7 18. f3 Ne6 19. Kh1 a4 20. b4 b5 21. Qd3 Nf4 22. Qe3 Rac8 23. Rad1 Qb8 24. a3 Ng6 25. Bb2 bxc4 ({Black should play} 25... h5 $14) 26. Nxc4 $16 (26. Bxc4 d5 $14) 26... d5 27. exd5 {[%emt 0:00:30] White is more active.} Nxd5 28. Qf2 (28. Qc5 $16) 28... Rcd8 {[%emt 0:00:30] Against Nd6} (28... f6 $14) 29. Qc5 $18 Ba8 {[%emt 0:00:30] [#]} 30. Rd2 (30. Qa5 $1 $18) 30... h5 (30... f6 $142) 31. Red1 $16 Ndf4 (31... Ngf4 $142 32. Qa5 Rc8) 32. Rxd8 $18 Rxd8 33. Rxd8+ Qxd8 34. Nxe5 Qd1 35. Qc1 Qd5 (35... Qxc1 36. Bxc1 Bd5) 36. Nxg6 {[%emt 0:00:30] White is clearly winning.} Nxg6 37. Qc3 {[%emt 0:00:30][%csl Gb2][%cal Rc3g7] [#]} Kf8 38. Qxg7+ ({But not} 38. Qc8+ Ke7 39. Qc7+ Ke8 40. Qc8+ Ke7 41. Qc7+ Ke8 42. Qc8+ Ke7) 38... Ke7 39. Qc3 {[%emt 0:00:30] aiming for Qc7+.} h4 (39... Kd8 $142 40. Qf6+ Kc7) 40. h3 {[%emt 0:00:30] Hoping for Qc7+.} Nf4 41. Qf6+ {[%emt 0:00:30] Weighted Error Value: White=0.34/Black=0.29 (precise)} 1-0